 Dungeon Crawl Stone Soup version 0.21-a0-633-g4c047d5 (webtiles) character file.

56 shenanigans the Charmwright (level 3, 0/29 HPs)
             Began as a Barachi Skald on Dec 28, 2017.
             Slain by an adder (3 damage)
             ... on level 4 of the Dungeon.
             The game lasted 00:03:50 (1553 turns).

shenanigans the Charmwright (Barachi Skald)         Turns: 1553, Time: 00:03:51

Health: 0/29       AC:  6    Str: 12    XL:     3   Next: 95%
Magic:  3/6        EV:  9    Int: 14    God:
Gold:   55         SH:  0    Dex: 11    Spells: 5/6 levels left

rFire    . . .     SeeInvis .   a - +0 hand axe
rCold    . . .     Gourm    .   (no shield)
rNeg     . . .     Faith    .   n - +0 scale mail
rPois    .         Spirit   .   (no helmet)
rElec    .         Reflect  .   (no cloak)
rCorr    .         Harm     .   (no gloves)
MR       .....                  (no boots)
Stlth    ..........             (no amulet)
HPRegen  0.09/turn              (no ring)
MPRegen  0.10/turn              (no ring)

@: can't hop, slow
A: +LOS, swims, slowness 1, strong legs 1
a: Hop


You were on level 4 of the Dungeon.
You were hungry.

You visited 1 branch of the dungeon, and saw 4 of its levels.

You collected 55 gold pieces.

Inventory:

Hand Weapons
 a - a +0 hand axe (weapon)
Missiles
 k - 5 tomahawks (quivered)
Armour
 b - a +0 leather armour
 h - a +0 ring mail
 n - a +0 scale mail (worn)
Jewellery
 l - a +4 ring of dexterity {unknown}
Scrolls
 e - a scroll of amnesia {unknown}
 f - 4 scrolls of fear {unknown}
 g - 2 scrolls of identify {unknown}
 i - a scroll of immolation {unknown}
 j - a scroll of remove curse {unknown}
 m - a scroll of magic mapping {unknown}
Books
 c - a book of Battle

   Spells                             Type                      Level
   a - Infusion                       Charms                       1
   b - Shroud of Golubria             Charms/Translocation         2
   c - Song of Slaying                Charms                       2
   d - Spectral Weapon                Hexes/Charms                 3
   e - Regeneration                   Charms/Necromancy            3
Comestibles
 d - 5 rations


   Skills:
 + Level 3.2 Fighting
 + Level 2.9 Axes
 + Level 2.3 Armour
 + Level 3.0 Dodging
 - Level 2.1 Spellcasting
 - Level 3.2 Charms


You had 5 spell levels left.
You knew the following spells:

 Your Spells              Type           Power        Failure   Level  Hunger
a - Infusion              Chrm           ##..         30%         1    #......


Dungeon Overview and Level Annotations

Branches:
Dungeon (4/15)
 Temple: D:4-7

Altars:

Annotations:
D:2 Sigmund


Innate Abilities, Weirdness & Mutations

Shadows flee at your approach. (+LOS)
You can swim through water.
You cover ground slowly.
You can hop short distances.


Message History

An adder comes into view.
The adder hisses angrily.
Found 5 gold pieces.
There is a stone staircase leading up here.
You hit the orc.
The orc is lightly wounded.
The orc hits you with a club.
* * * LOW HITPOINT WARNING * * *
You closely miss the orc.
The orc is lightly wounded.
The orc hits you with a club.
* * * LOW HITPOINT WARNING * * *
You hit the orc but do no damage.
The orc is lightly wounded.
The orc closely misses you.
You barely miss the orc.
The orc is lightly wounded.
Your scale mail prevents you from hitting the adder.
The adder bites you.
You die...

#.
#.########
#........#
#........#
#...$....#
#........#
##.......#
#......So#
........@#
....#.####


You could see an adder and an orc.

Vanquished Creatures
  An adder (D:3)
  A worm (D:3)
  A dart slug (D:1)
  3 leopard geckos
  3 orcs (D:3)
  A ball python (D:2)
  4 giant cockroaches
  3 goblins
  4 hobgoblins
  5 bats
  2 frilled lizards (D:1)
  5 kobolds
  3 rats
36 creatures vanquished.

Notes
Turn   | Place    | Note
-------+----------+-------------------------------------------
     0 | D:1      | shenanigans the Barachi Skald began the quest for the Orb.
     0 | D:1      | Reached XP level 1. HP: 17/17 MP: 3/3
    52 | D:1      | Reached XP level 2. HP: 16/23 MP: 5/5
   832 | D:2      | Reached XP level 3. HP: 24/28 MP: 6/6
   908 | D:2      | Noticed Sigmund
  1553 | D:4      | Slain by an adder

Vault maps used:
D:1:      erik_arrival_cave_to_civilisation
D:2:      grunt_dithmenos_smoke_and_mirrors, grunt_ministairs_3,
          nicolae_gozag_cash_rules_everything_around_me, uniq_sigmund
D:3:      minmay_strange_pillars, corner_web_ring, uniq_crazy_yiuf_cottage
D:4:      yredelemnul_forgotten_temple_becter, nicolae_overflow_crystal_walls,
          uniq_edmund

Skill      XL: |  1  2  3 |
---------------+----------+-----
Armour         | 2 |  2.3
Fighting       | 3 |  3.2
Dodging        | 3 |  3.0
Axes           | |  2.9
Spellcasting   | |  2.1
Charms         | |  3.2

Action                   || total
-------------------------++-------
Melee: Hand axe          ||   156
 Cast: Infusion          ||     3
 Abil: Hop               ||     2
  Use: Potion            ||     2
  Eat: Chunk             ||     2
Armor: Leather armour    ||     5
       Ring mail         ||    43
       Scale mail        ||    36
Dodge: Dodged            ||   109

Table legend:
 A = Spawn XP
 B = Non-spawn XP
 C = Spawn XP percentage of total XP
 D = Spawn monster count
 E = Non-spawn monster count
 F = Spawn count percentage of total count
 G = Total turns spent on level
                    A         B        C        D         E        F      G
               +---------+---------+-------+---------+---------+-------+---------
         Total |       0 |      80 |   0.0 |       0 |      36 |   0.0 |  1553
               +---------+---------+-------+---------+---------+-------+---------
           D:1 |       0 |      22 |   0.0 |       0 |      13 |   0.0 |   685
           D:2 |       0 |      12 |   0.0 |       0 |       8 |   0.0 |   270
           D:3 |       0 |      46 |   0.0 |       0 |      15 |   0.0 |   594
               +---------+---------+-------+---------+---------+-------+---------
